 Dungeon Crawl Stone Soup version 0.32-a0-876-gcfddb08e57 (webtiles) character file.

Game seed: 7476056407537144735

18310 pokedragonboy the Dealer of Despair (level 12, -4/68 HPs)
             Began as a Vampire Enchanter on Apr 1, 2024.
             Was an Elder of Kikubaaqudgha.
             Slain by a yak (11 damage)
             ... on level 2 of the Lair of Beasts.
             The game lasted 01:34:11 (14753 turns).

pokedragonboy the Dealer of Despair (VpEn)         Turns: 14753, Time: 01:34:13

Health: -4/68      AC: 12    Str:  9    XL:     12   Next: 26%
Magic:  26/32      EV: 15    Int: 24    God:    Kikubaaqudgha [****..]
Gold:   1303       SH:  5    Dex: 15    Spells: 1/26 levels left

rFire   x . .        b - +5 quick blade (flame)
rCold   + + +        (no shield)
rNeg    + + +        R - +3 steam dragon scales
rPois   ∞            (no helmet)
rElec   .            P - +0 cloak {Will+}
rCorr   .            e - +0 pair of gloves
SInv    +            v - +0 pair of boots
Will    ++...        B - amulet of reflection
Stlth   ++++++       I - ring of Virtue {Ice Int+4 SInv}
HPRegen 0.00/turn    y - ring of magical power
MPRegen 0.23/turn

%: reflection
@: fugue, bloodless, inhibited regen
A: bloodless, fangs 3, see invisible, vampiric 2
a: Bat Form, Revivify, Renounce Religion, Unearth Wretches


You were on level 2 of the Lair of Beasts.
You worshipped Kikubaaqudgha.
Kikubaaqudgha was greatly pleased with you.
You visited 3 branches of the dungeon, and saw 13 of its levels.
You also visited: Bailey.

You collected 1402 gold pieces.
You spent 99 gold pieces at shops.

Inventory:

Hand Weapons
 b - a +5 quick blade of flaming (weapon)
 q - a +5 hand axe
Missiles
 j - 4 datura-tipped darts (quivered)
Armour
 a - +1 gold dragon scales
 e - a +0 pair of gloves (worn)
 i - an orb of mayhem
 o - a +2 robe of willpower
 v - a +0 pair of boots (worn)
 P - a +0 cloak of willpower (worn)
 R - +3 steam dragon scales (worn)
Magical Staves
 J - a staff of death
Jewellery
 s - a +6 ring of dexterity
 y - a ring of magical power (right hand)
 B - an amulet of reflection (around neck)
 I - the ring of Virtue (left hand) {Ice Int+4 SInv}
   (You found it on level 7 of the Dungeon)

   [ring of ice]

   Ice:       It enhances your ice magic.
   Int+4:     It affects your intelligence (+4).
   rF-:       It makes you vulnerable to fire.
   rC+:       It protects you from cold.
   SInv:      It lets you see invisible.
Talismans
 n - a maw talisman
Wands
 t - a wand of quicksilver (17)
 z - a wand of roots (15)
 E - a wand of mindburst (6)
 Q - a wand of polymorph (3)
 S - a wand of flame (9)
 U - a wand of charming (1)
Scrolls
 k - 9 scrolls of teleportation
 m - 8 scrolls of vulnerability
 r - a scroll of amnesia
 u - 3 scrolls of immolation
 x - 2 scrolls of revelation
 A - 3 scrolls of blinking
 C - a scroll of fear
 H - a scroll of enchant weapon
 O - 2 scrolls of silence
Potions
 c - 2 potions of invisibility
 d - 8 potions of curing
 f - a potion of magic {unknown}
 g - 2 potions of enlightenment
 h - 2 potions of haste {unknown}
 l - 3 potions of berserk rage
 w - 6 potions of heal wounds
 D - a potion of attraction {unknown}
 F - 3 potions of might
 G - 3 potions of cancellation
 M - 4 potions of degeneration {unknown}
 N - 2 potions of resistance
Miscellaneous
 p - a box of beasts
 K - a lightning rod (4/4)
 L - a phantom mirror
 T - a Gell's gravitambourine (2/2)


   Skills:
 - Level 5.0 Fighting
 - Level 10.0 Short Blades
 - Level 4.0 Armour
 + Level 7.8 Dodging
 - Level 10.0 Stealth
 + Level 7.6 Spellcasting
 - Level 8.0 Hexes
 * Level 10.5 Necromancy
 - Level 3.0 Ice Magic
 + Level 3.3 Evocations


You had one spell level left.
You knew the following spells:

 Your Spells              Type           Power      Damage    Failure   Level
a - Ensorcelled Hibernat  Hex/Ice        100%       N/A       1%          2
b - Tukima's Dance        Hex            47%        N/A       1%          3
c - Death Channel         Necr           28%        N/A       14%         6
d - Vampiric Draining     Necr           56%        2d10      1%          3
f - Fugue of the Fallen   Necr           56%        N/A       1%          3
g - Anguish               Hex/Necr       26%        N/A       1%          4
h - Martyr's Knell        Necr/Summ      34%        N/A       8%          4

Your spell library contained the following spells:

 Spells                   Type           Power      Damage    Failure   Level
 Kiss of Death            Conj/Necr      100%       2d13      1%          1
 Necrotise                Necr           100%       1d9       1%          1
 Apportation              Tloc           18%        N/A       7%          1
 Sandblast                Erth           18%        2d7       7%          1
 Sting                    Conj/Alch      36%        1d5       7%          1
 Summon Small Mammal      Summ           36%        N/A       7%          1
 Confusing Touch          Hex            47%        N/A       1%          3
 Cigotuvi's Dreadful Rot  Necr/Alch/Air  50%        N/A       2%          2
 Cause Fear               Hex            23%        N/A       2%          4
 Curse of Agony           Necr           56%        N/A       2%          5
 Dazzling Flash           Conj/Hex       56%        N/A       4%          3
 Dimensional Bullseye     Hex/Tloc       14%        N/A       13%         4
 Stone Arrow              Conj/Erth      18%        3d8       21%         3
 Borgnjor's Vile Clutch   Necr/Erth      17%        N/A       22%         5
 Brom's Barrelling Bould  Conj/Erth      9%         2d3       56%         4
 Iskenderun's Mystic Bla Conj/Tloc 9%             2d4        (+2d1     56%         4
 Enfeeble                 Hex            23%        N/A       91%         7
 Dispersal                Tloc           4%         N/A       100%        6
 Gell's Gavotte           Tloc           4%         2d(13-19) 100%        6
 Manifold Assault         Tloc           4%         N/A       100%        7
 Disjunction              Tloc           4%         N/A       100%        8


Dungeon Overview and Level Annotations

Branches:
Dungeon (10/15)            Temple (1/1) D:6            Lair (2/5) D:10
 Shoals (0/4) Lair:2       Bailey (visited)
  Snake: Lair:2-3    Spider: Lair:2-3       Orc: D:9-12

Altars:
Ashenzari
Cheibriados
Dithmenos
Fedhas
Gozag
Hepliaklqana
Kikubaaqudgha
Makhleb
Nemelex Xobeh
Okawaru
Qazlal
Ru
Sif Muna
Trog
Uskayaw
Vehumet
Wu Jian
Xom
Yredelemnul

Shops:
D:1 *   D:2 *   D:4 (   D:5 *   D:8 [   D:9 (

Annotations:
D:4 exclusion: orc warrior
Lair:2 Gastronok


Innate Abilities, Weirdness & Mutations

You do not regenerate when monsters are visible.
You are frail without blood (-20% HP).
You can heal yourself when you bite living creatures.
You are immune to poison.
You have razor-sharp teeth.
You have supernaturally acute eyesight. (SInv)
You are afflicted with vampirism and can become a bat while bloodless.


Message History

The yak gores you!
The yak is wracked by anguish!
You block the yak's attack. The yak completely misses you. The yak gores you.
The yak is wracked by anguish.
You hit the yak. You burn the yak. You bite the yak.
You draw the yak's blood!
You feel better.
You hit the yak. You burn the yak.
The yak is severely wounded.
The yak gores you.
The yak is wracked by anguish.
The yak gores you!
The yak is wracked by anguish!
The yak gores you but does no damage. The yak misses you.
You hit the yak. You burn the yak.
You kill the yak!
Kikubaaqudgha accepts your kill.
You completely miss the yak. You hit the yak. You burn the yak.
The yak is moderately wounded.
The yak completely misses you. The yak barely misses you. The yak gores you!
The yak is wracked by anguish!
You barely miss the yak. You hit the yak. You burn the yak.
The yak is moderately wounded.
The yak barely misses you.
The yak gores you but does no damage. x2
You hit the yak. You burn the yak. You hit the yak. You burn the yak.
You bite the yak.
You draw the yak's blood!
You feel better.
The yak is heavily wounded.
The yak gores you but does no damage.
You hit the yak but do no damage. You puncture the yak! You burn the yak.
The yak is almost dead.
The yak gores you!
The yak is wracked by anguish!
The yak gores you.
The yak is wracked by anguish.
You hit the yak. You burn the yak.
You kill the yak!
Kikubaaqudgha accepts your kill. The yak closely misses you. The yak gores you.
* * * LOW HITPOINT WARNING * * *
The yak is wracked by anguish.
You barely miss the yak. x2
The yak is severely wounded.
The yak gores you!
* * * LOW HITPOINT WARNING * * *
The yak is wracked by anguish!
The yak gores you!
You die...
Kikubaaqudgha rasps: You have failed me!
Welcome... oblivion!

#....##...........##
##.#.##............#
#.#.#..........†..#
####..#..........>....
###....###..............
##.......###.............
##........# #.............
###.......Y.# #P............
#.........Y@# ##............
###..........†................
#............#................
#.....<......#######..........
#............#. ........
#...........### P.......
.............# ....#.
............## ##.###
...........## ##


You could see 2 yaks.

Vanquished Creatures
  Pikel (D:9)
  An orc knight (Bailey)
  Maurice (D:9)
  Joseph (D:7)
  A water nymph (Lair:2)
  3 cane toads (Lair:1)
  A kobold demonologist (D:10)
  5 komodo dragons
  2 trolls
  A hornet (D:10)
  4 blink frogs (Lair:1)
  A shadow (D:7)
  25 yaks
  8 wyverns
  A vampire (D:7)
  A basilisk (Lair:2)
  5 steam dragons
  5 water moccasins
  A sky beast (D:7)
  2 orc warriors (Bailey)
  An ogre (D:4)
  3 black bears
  4 wolves (Lair:1)
  2 centaurs
  A lemure (D:9)
  12 kobold brigands
  3 bullfrogs
  A gnoll sergeant (D:7)
  5 scorpions
  A wight (D:8)
  10 killer bees
  A howler monkey (D:5)
  6 hounds
  2 bombardier beetles
  2 orc priests
  Crazy Yiuf (D:6)
  6 jellies
  A sleepcap (D:5)
  Jessica (D:2)
  11 orc wizards
  5 iguanas
  Terence (D:3)
  3 gnolls (D:8)
  8 adders
  An ufetubus (D:7)
  2 dart slugs
  A ribbon worm (D:4)
  11 orcs
  4 ball pythons
  5 bats
  4 endoplasms
  3 giant cockroaches
  5 goblins
  5 hobgoblins
  10 jackals
  25 kobolds
  2 quokkas
  2 frilled lizards
  4 rats
245 creatures vanquished.

Vanquished Creatures (collateral kills)
  A two-headed ogre (D:7)
  Jeremiah (D:7)
  Sigmund (D:6)
  An orc warrior (D:7)
  An ogre (D:6)
  13 wights
  A white imp (D:7)
  4 orcs
  A kobold (D:6)
24 creatures vanquished.

Vanquished Creatures (others)
  7 dancing weapons
  A yak (Lair:2)
  An orc warrior (Bailey)
  A kobold (D:10)
10 creatures vanquished.

Grand Total: 279 creatures vanquished

Notes
Turn   | Place    | Note
-------+----------+-------------------------------------------
     0 | D:1      | pokedragonboy the Vampire Enchanter began the quest for the
                  | Orb.
     0 | D:1      | Reached XP level 1. HP: 13/13 MP: 3/3
   182 | D:1      | You fall into a shaft and drop 1 floor!
   203 | D:2      | Noticed Jessica
   272 | D:1      | Reached XP level 2. HP: 15/15 MP: 5/5
   477 | D:1      | Learned a level 2 spell: Ensorcelled Hibernation
   521 | D:1      | Reached skill level 5 in Stealth
   631 | D:1      | Found Afruasch's Assorted Antiques.
  1226 | D:2      | Gained mutation: You are afflicted with vampirism and can
                  | become a bat while bloodless. [Vampire growth]
  1226 | D:2      | Reached XP level 3. HP: 19/19 MP: 6/6
  1440 | D:2      | Found Bixap's Assorted Antiques.
  1674 | D:2      | Reached skill level 5 in Hexes
  1863 | D:2      | Killed Jessica
  1864 | D:2      | Reached XP level 4. HP: 24/24 MP: 2/7
  1945 | D:3      | Found a shimmering blue altar of Sif Muna.
  1958 | D:3      | Found a burning altar of Makhleb.
  1962 | D:3      | Found an opulent altar of Gozag.
  2081 | D:3      | Found a snail-covered altar of Cheibriados.
  2196 | D:3      | Found a broken altar of Ashenzari.
  2255 | D:3      | Noticed a black bear
  2388 | D:3      | Noticed Terence
  2395 | D:3      | Killed Terence
  2396 | D:3      | Reached XP level 5. HP: 28/28 MP: 6/9
  2840 | D:4      | Reached XP level 6. HP: 32/32 MP: 10/10
  2844 | D:4      | Learned a level 3 spell: Tukima's Dance
  2923 | D:4      | Noticed an orc warrior
  3239 | D:5      | Entered Level 5 of the Dungeon
  3562 | D:5      | Noticed an ice beast
  3770 | D:5      | Reached XP level 7. HP: 36/36 MP: 12/12
  3780 | D:5      | Noticed a steam dragon
  3802 | D:5      | Found Midaderch's Mass Market.
  4309 | D:4      | Found Wieniesu's Antique Weapon Emporium.
  4779 | D:2      | Bought a scroll labelled OCEECO ALOACI for 18 gold pieces
  4779 | D:2      | Bought a pair of gloves for 81 gold pieces
  4862 | D:5      | Reached skill level 10 in Stealth
  5242 | D:5      | Reached XP level 8. HP: 7/41 MP: 14/14
  5532 | D:5      | Reached skill level 5 in Short Blades
  6260 | D:6      | Reached skill level 1 in Armour
  6367 | D:6      | Reached skill level 5 in Spellcasting
  6406 | D:6      | Reached skill level 1 in Ice Magic
  6531 | D:6      | Found a staircase to the Ecumenical Temple.
  6577 | Temple   | Entered the Ecumenical Temple
  6647 | Temple   | Became a worshipper of Kikubaaqudgha
  6720 | D:6      | Noticed Sigmund
  6911 | D:6      | Reached skill level 1 in Necromancy
  7581 | D:6      | Found a runed translucent door.
  7582 | D:6      | Noticed Crazy Yiuf
  7589 | D:6      | Killed Crazy Yiuf
  7688 | D:7      | Reached XP level 9. HP: 45/45 MP: 17/17
  7748 | D:7      | Noticed a troll
  8351 | D:7      | Noticed a kobold demonologist
  8359 | D:7      | Noticed a rust devil
  8415 | D:7      | Identified the ring of Virtue {Ice Int+4 SInv}
  8494 | D:7      | Noticed Joseph
  8496 | D:7      | Noticed a two-headed ogre
  8626 | D:6      | Killed Sigmund
  8627 | D:6      | Reached skill level 5 in Necromancy
  8673 | D:7      | Noticed Jeremiah
  8690 | D:7      | Killed Jeremiah
  8691 | D:7      | Reached skill level 1 in Fighting
  8844 | D:7      | Learned a level 1 spell: Necrotise
  8910 | D:7      | Reached * piety under Kikubaaqudgha
  8910 | D:7      | Received a gift from Kikubaaqudgha
  8912 | D:7      | Killed a two-headed ogre
  8913 | D:7      | Reached XP level 10. HP: 54/54 MP: 18/19
  9050 | D:7      | Killed Joseph
  9177 | D:7      | Learned a level 3 spell: Fugue of the Fallen
  9180 | D:7      | Learned a level 2 spell: Cigotuvi's Dreadful Rot
  9410 | D:8      | Found Ysusaoll's Antique Armour Shoppe.
  9561 | D:8      | Learned a level 4 spell: Anguish
 10365 | D:8      | Learned a level 3 spell: Vampiric Draining
 10494 | D:9      | Found a flagged portal.
 10622 | Bailey   | Entered a bailey
 10636 | Bailey   | Reached ** piety under Kikubaaqudgha
 10715 | Bailey   | Noticed an orc knight
 10736 | Bailey   | Killed an orc knight
 10737 | Bailey   | Reached skill level 5 in Dodging
 10737 | Bailey   | Reached XP level 11. HP: 42/62 MP: 4/20
 10753 | Bailey   | Found a burning altar of Makhleb.
 11256 | D:9      | Reached skill level 5 in Fighting
 11389 | D:9      | Noticed Maurice
 11396 | D:9      | Killed Maurice
 11765 | D:9      | Found Ruph's Weapon Shop.
 11877 | D:9      | Noticed Pikel
 11882 | D:9      | Killed Pikel
 11915 | D:10     | Entered Level 10 of the Dungeon
 12044 | D:10     | Reached *** piety under Kikubaaqudgha
 12044 | D:10     | Received a gift from Kikubaaqudgha
 12323 | D:10     | Found a staircase to the Lair.
 12542 | D:10     | Reached skill level 10 in Short Blades
 12700 | D:10     | Reached skill level 1 in Evocations
 12814 | D:10     | Learned a level 4 spell: Martyr's Knell
 13413 | Lair:1   | Entered Level 1 of the Lair of Beasts
 13807 | Lair:1   | Reached XP level 12. HP: 68/68 MP: 22/22
 13970 | Lair:1   | Reached skill level 10 in Necromancy
 14147 | Lair:1   | Reached **** piety under Kikubaaqudgha
 14355 | Lair:1   | Learned a level 6 spell: Death Channel
 14533 | Lair:2   | Noticed Gastronok
 14753 | Lair:2   | Slain by a yak

Illustrated notes

Levels and vault maps discovered:
D:1:      denvon_arrival_planthouse, layout_basic, serial_shops,
          nicolae_shop_back_alley_shop, hex_large, hangedman_decor_slide_cut
D:2:      layout_loops_ring, serial_shops, shop, kennysheep_generic_room_3,
          uniq_jessica
D:3:      layout_loops_ring, nicolae_ashenzari_skybound,
          nicolae_overflow_macrodata_refinement, hangedman_glass_teeth,
          serial_park_tiny_2, uniq_terence
D:4:      layout_loops_corners, serial_shops, nicolae_shop_behind_doors,
          st_stairs_1
D:5:      layout_layer_cave, minmay_shop_mass, serial_bayou_pond_e
D:6:      layout_loops_ring, minmay_temple_entry_trees,
          serial_library_hellmonk_secret_room, nicolae_letterblocks
          [nicolae_letter_subblock, nicolae_letter_subblock,
          nicolae_letter_subblock, nicolae_letter_subblock,
          nicolae_letter_subblock, nicolae_letter_subblock,
          nicolae_letter_subblock, nicolae_letter_subblock,
          nicolae_letter_subblock, nicolae_letter_subblock,
          nicolae_letter_subblock, nicolae_letter_subblock,
          nicolae_letter_subblock, nicolae_letter_subblock,
          nicolae_letter_subblock, nicolae_letter_subblock,
          nicolae_letter_subblock, nicolae_letter_subblock,
          nicolae_letter_subblock, nicolae_letter_subblock,
          nicolae_letter_subblock, nicolae_letter_subblock,
          nicolae_letter_subblock, nicolae_letter_subblock,
          nicolae_letter_subblock], uniq_sigmund, uniq_crazy_yiuf_cottage
D:7:      minmay_the_grid_octo_2x2 [minmay_the_grid_octo_checkered,
          minmay_the_grid_octo_pinwheel, minmay_the_grid_octo_clover_2,
          minmay_the_grid_octo_prize_square_snowflake], layout_gridville,
          uniq_joseph, uniq_jeremiah
D:8:      layout_gridville, serial_shops, nicolae_shop_rolling_square
D:9:      layout_long_grid, serial_shops, nicolae_shop_bloodbath_and_beyond,
          enter_bailey_5, uniq_maurice, uniq_pikel
D:10:     layout_gridville, erik_lair_dragon
Temple:   minmay_crystal_spiral_temple
Lair:1:   layout_chaotic_city, grunt_megastairs_5, lemuel_fruit_tree
Lair:2:   layout_cave_pods, nicolae_shoals_entry_flooding, uniq_gastronok

Skill      XL: |  1  2  3  4  5  6  7  8  9 10 11 12 |
---------------+-------------------------------------+-----
Stealth        | 5 6 7 8 10 | 10.0
Hexes          | 5 6 7 8 |  8.0
Short Blades   | 2 3 4 6 7 9 10 | 10.0
Spellcasting   | 3 4 5 6 7 |  7.6
Armour         | 2 4 |  4.0
Ice Magic      | 1 3 |  3.0
Necromancy     | 2 5 7 9 10 | 10.5
Fighting       | 2 4 5 |  5.0
Dodging        | 5 7 |  7.8
Evocations     | 2 3 |  3.3

Action                     |  1- 3 |  4- 6 |  7- 9 | 10-12 || total
---------------------------+-------+-------+-------+-------++-------
  Melee: Dagger            |    48 |    67 |    36 |       ||   151
         Bite              |     4 |     4 |    13 |    55 ||    76
         Short sword       |       |       |   105 |       ||   105
         Quick blade       |       |       |    12 |   480 ||   492
   Cast: Ensorcelled Hiber |     6 |    23 |    60 |    61 ||   150
         Tukima's Dance    |       |     4 |    31 |     8 ||    43
         Necrotise         |       |       |     1 |    26 ||    27
         Fugue of the Fall |       |       |       |    15 ||    15
         Anguish           |       |       |       |     8 ||     8
         Cigotuvi's Dreadf |       |       |       |     3 ||     3
         Vampiric Draining |       |       |       |    19 ||    19
         Death Channel     |       |       |       |     1 ||     1
         Martyr's Knell    |       |       |       |     1 ||     1
Ability: Exsanguinate      |     1 |       |       |       ||     1
         End Transformatio |       |       |     2 |       ||     2
         Bat Form          |       |       |     2 |       ||     2
  Evoke: Lightning rod     |       |       |       |     2 ||     2
    Use: Scroll            |     6 |     5 |     8 |    12 ||    31
   Stab: Sleeping          |    18 |    21 |    38 |    42 ||   119
         Distracted        |     2 |     1 |     1 |       ||     4
 Armour: Robe              |    15 |    30 |    80 |   121 ||   246
         Skin              |       |       |     1 |       ||     1
         Steam dragon scal |       |       |       |    76 ||    76
  Dodge: Dodged            |    21 |    35 |    53 |   213 ||   322
  Block: Other             |       |       |    11 |    71 ||    82
         Reflection        |       |       |     2 |     5 ||     7

Table legend: (Time is in decaauts)
 A = Elapsed time spent in this place.
 B = Non-inter-level travel time spent in this place.
 C = Inter-level travel time spent in this place.
 D = Time resting spent in this place.
 E = Time spent auto-exploring this place.
 F = Levels seen in this place.
 G = Mean time per level.
                   A        B        C        D        E       F      G
               +--------+--------+--------+--------+--------+-----+--------+
         Total |  14610 |  13711 |    899 |   1861 |   8554 |  14 | 1043.6 |
       Dungeon |  12859 |  12116 |    743 |   1483 |   7766 |  10 | 1285.9 |
        Temple |    135 |      5 |    130 |      0 |      0 |   1 |  135.0 |
          Lair |   1314 |   1289 |     25 |    372 |    656 |   2 |  657.0 |
        Bailey |    300 |    300 |      0 |      6 |    130 |   1 |  300.0 |
               +--------+--------+--------+--------+--------+-----+--------+

Top non-repeatable levels by time:
     D:5: 1786 daAuts
     D:7: 1561 daAuts
     D:6: 1514 daAuts
    D:10: 1481 daAuts
     D:4: 1368 daAuts
     D:9: 1185 daAuts
     D:2: 1079 daAuts
     D:3: 1025 daAuts
  Lair:1: 942 daAuts
     D:8: 929 daAuts
     D:1: 927 daAuts
  Lair:2: 372 daAuts
  Bailey: 300 daAuts
  Temple: 135 daAuts
